Map: Amygdala

Players

Harstem

  • Race: Protoss Protoss
  • League: Grandmaster
  • Spawn Location: 7:00

LiquidElazer (Elazer) - Winner!

  • Race: Zerg Zerg
  • Spawn Location: 1:00

Event: HomeStory Cup XXVI

VOD

Have the link to the VOD?

Description

Time

  • Played on: Nov. 30, 2024, 2:23 p.m.
  • Length: 9:08

All games in this series

Show
View Real Time Build Order
Export as new Build Order

Harstem Protoss 

Build Orders: 1 Gate Expand, Oracle Opening 

Get SALT Encoding   

  12  0:00  Probe  
  13  0:12  Probe  
  14  0:18  Pylon  
  14  0:24  Probe  
  15  0:31  Assimilator  
  15  0:32  Probe  
  15  0:40  Probe  
  16  0:47  Gateway  
  17  0:51  Probe  
  18  1:03  Probe  
  19  1:15  Probe  
  20  1:22  Nexus  
  20  1:34  Cybernetics Core  
  20  1:35  Probe  
  21  1:41  Assimilator  
  21  1:47  Probe  
  21  1:49  Pylon  
  22  1:59  Probe  
  18  2:01  Adept  
  23  2:11  Warp Gate, Probe  
  26  2:21  Adept  
  26  2:22  Stargate  
  26  2:23  Probe  
  27  2:35  Probe  
  27  2:36  Probe  
  31  2:47  Probe  
  31  2:48  Probe  
  35  2:59  Probe  
  35  3:00  Probe  
  35  3:02  Void Ray  
  37  3:11  Probe  
  42  3:17  Nexus  
  42  3:18  Probe  
  41  3:23  Pylon  
  41  3:24  Probe  
  42  3:31  Probe  
  42  3:32  Oracle  
  43  3:34  Gateway  
  43  3:44  Probe  
  43  3:46  Probe  
  48  3:51  Assimilator  
  48  3:52  Pylon  
  48  3:54  Assimilator  
  48  3:56  Probe  
  48  3:58  Probe  
  48  4:02  Twilight Council  
  50  4:05  Forge  
  50  4:08  Probe  
  51  4:12  Probe  
  51  4:13  Protoss Ground Weapons Level 1  
  51  4:15  Blink  
  52  4:19  Gateway x2  
  52  4:20  Probe  
  53  4:25  Adept  
  53  4:28  Probe  
  53  4:29  Probe  
  57  4:32  Probe  
  58  4:40  Probe  
  58  4:41  Probe  
  58  4:44  Probe  
  61  4:52  Probe  
  62  4:53  Stalker x2  
  62  4:54  Probe  
  62  4:56  Probe  
  68  5:02  Pylon  
  68  5:04  Probe  
  68  5:06  Probe  
  70  5:07  Pylon  
  70  5:08  Probe  
  70  5:11  Shield Battery  
  71  5:14  Stalker  
  71  5:17  Stalker  
  71  5:18  Probe  
  76  5:22  Stalker  
  76  5:24  Stalker  
  76  5:26  Probe  
  76  5:27  Probe  
  82  5:30  Probe  
  83  5:38  Stalker, Pylon, Probe  
  87  5:42  Stalker  
  87  5:47  Stalker x2  
  92  5:51  Pylon  
  92  5:54  Probe  
  92  5:57  Probe  
  94  6:00  Probe  
  94  6:02  Templar Archives  
  94  6:03  Stalker  
  97  6:05  Pylon  
  97  6:11  Stalker x3  
  97  6:13  Assimilator  
  97  6:17  Probe x2  
  105  6:18  Assimilator  
  105  6:20  Probe  
  106  6:26  Psionic Storm  
  106  6:32  Probe  
  103  6:33  Probe, Protoss Ground Weapons Level 2  
  103  6:34  Stalker  
  103  6:36  Probe  
  103  6:37  Gateway  
  107  6:41  Gateway  
  107  6:46  Gateway  
  107  6:48  Gateway  
  107  6:50  Sentry  
  107  6:53  Zealot x2, Photon Cannon  
  113  6:58  Sentry  
  113  6:59  Photon Cannon  
  113  7:02  Photon Cannon  
  109  7:10  Charge  
  109  7:12  Probe  
  108  7:16  Stalker x3  
  108  7:19  Pylon  
  114  7:25  Photon Cannon  
  114  7:26  High Templar  
  114  7:27  Gateway  
  116  7:32  Probe  
  116  7:34  Pylon  
  117  7:38  Shield Battery  
  117  7:41  Zealot x4, Pylon  
  117  7:44  Zealot  
  125  7:48  Zealot  
  125  7:50  Probe  
  110  7:51  Probe  
  97  7:59  Zealot  
  97  8:01  Zealot x4  
  93  8:06  Probe  
  93  8:07  Probe  
  93  8:09  Zealot x2  
  93  8:10  Probe  
  89  8:18  Probe  
  90  8:20  Zealot  
  90  8:22  Sentry, High Templar x2  
  90  8:23  Zealot  
  90  8:24  Probe  
  90  8:25  Photon Cannon  
  101  8:27  Pylon  
  101  8:30  Stalker x2  
  99  8:41  Stalker  
  98  8:44  Stalker  
  94  8:51  Stalker  
  94  8:53  Archon  
  94  8:54  Stalker x4  
Show
View Real Time Build Order
Export as new Build Order

LiquidElazer Zerg - Winner!

Build Orders: Hatch First 

Get SALT Encoding   

  12  0:00  Drone  
  13  0:08  Drone  
  13  0:14  Drone, Extractor  
  15  0:21  Overlord  
  15  0:41  Drone  
  16  0:45  Hatchery  
  16  0:50  Drone  
  16  0:52  Drone  
  16  0:57  Drone  
  18  1:06  Extractor  
  17  1:11  Spawning Pool  
  17  1:15  Drone  
  17  1:17  Drone  
  18  1:26  Drone  
  19  1:37  Drone  
  20  1:47  Drone  
  21  1:57  Queen x2  
  21  1:58  Zergling x2  
  21  1:59  Overlord  
  26  2:07  Drone  
  27  2:10  Drone  
  27  2:11  Metabolic Boost  
  28  2:19  Drone  
  29  2:23  Drone  
  30  2:30  Drone  
  30  2:36  Hatchery  
  30  2:41  Queen  
  30  2:44  Drone  
  33  2:48  Overlord  
  33  2:50  Zergling x2  
  34  2:52  Drone  
  34  2:54  Zergling x2  
  36  3:07  Drone x6  
  36  3:08  Drone  
  36  3:12  Overlord  
  43  3:23  Zergling x2  
  44  3:27  Spore Crawler  
  44  3:31  Drone x3  
  46  3:37  Drone x4  
  46  3:40  Drone x2  
  52  3:46  Spore Crawler  
  52  3:47  Overlord  
  52  3:48  Overlord  
  50  3:57  Overlord  
  50  3:59  Lair  
  50  4:05  Spore Crawler  
  50  4:06  Overlord  
  50  4:07  Drone x4  
  53  4:10  Drone x2  
  53  4:13  Drone x2  
  53  4:14  Drone  
  53  4:15  Drone  
  59  4:18  Drone x2  
  59  4:22  Drone x3  
  59  4:23  Drone  
  65  4:30  Overlord, Baneling Nest  
  64  4:33  Drone x3  
  64  4:36  Extractor  
  64  4:37  Drone, Extractor  
  66  4:39  Extractor  
  66  4:44  Drone x3  
  66  4:45  Overlord  
  68  4:46  Drone x4  
  68  4:47  Extractor  
  68  4:48  Drone  
  68  4:49  Extractor  
  71  4:54  Overlord  
  71  4:55  Drone x2  
  71  4:58  Hydralisk Den  
  73  5:02  Overlord  
  73  5:04  Zergling x4  
  75  5:11  Overlord  
  75  5:12  Zergling x2  
  75  5:13  Zergling x10  
  81  5:18  Spire  
  81  5:19  Zergling x2  
  81  5:20  Zergling x4  
  83  5:22  Zergling x4  
  83  5:25  Overlord x3  
  84  5:30  Grooved Spines  
  84  5:32  Hydralisk x3  
  84  5:34  Overseer  
  89  5:43  Hydralisk x3  
  89  5:46  Hydralisk x2  
  89  5:49  Overlord  
  99  5:54  Hydralisk  
  99  5:55  Hydralisk x2  
  99  5:56  Overlord  
  103  6:03  Zergling x4  
  105  6:10  Hydralisk x4  
  112  6:12  Hydralisk  
  112  6:18  Hydralisk x2  
  116  6:19  Overlord  
  116  6:27  Zergling x16  
  116  6:32  Zergling x2  
  118  6:34  Muscular Augments  
  118  6:35  Hydralisk  
  118  6:41  Hydralisk  
  118  6:42  Hydralisk x3  
  126  6:48  Hydralisk  
  126  6:49  Hydralisk  
  130  6:56  Zergling x4  
  130  7:00  Zergling x2  
  133  7:03  Zergling x10  
  134  7:10  Zergling x8  
  138  7:18  Zergling x6  
  137  7:23  Zergling x6  
  137  7:36  Mutalisk x8  
  146  7:44  Hatchery  
  146  7:46  Mutalisk x2  
  146  7:49  Zergling x6  
  108  8:06  Hydralisk  
  108  8:07  Hydralisk x5  
  108  8:10  Hydralisk  
  108  8:12  Zergling x10  
  117  8:17  Hydralisk x3  
  123  8:23  Hydralisk  
  123  8:24  Hydralisk  
  127  8:36  Hydralisk  
Tags
 
Add a new tag
Caveats
  • Supply blocks, unpowered buildings, or Contaminate may cause inaccurate times.
  • Supply counts are checked every 10 seconds.